 Dungeon Crawl Stone Soup version 0.29.0-10-g45618ea6d2 (webtiles) character file.

Game seed: 2948695104137945424

65 funkygono the Firebug (level 4, -2/24 HPs)
             Began as a Gargoyle Fire Elementalist on Sept 1, 2022.
             Slain by Natasha (6 damage)
             ... on level 2 of the Dungeon.
             The game lasted 00:02:41 (1326 turns).

funkygono the Firebug (Gargoyle Fire Elementalist)  Turns: 1326, Time: 00:02:41

Health: -2/24      AC:  5    Str: 12    XL:     4   Next: 14%
Magic:  0/7        EV: 12    Int: 17    God:
Gold:   78         SH:  0    Dex: 10    Spells: 1/7 levels left

rFire   . . .      SeeInvis .   k - +0 whip
rCold   . . .      Faith    .   (no shield)
rNeg    + . .      Spirit   .   a - +0 robe
rPois   ∞          Reflect  .   (no helmet)
rElec   +          Harm     .   (no cloak)
rCorr   .          Rampage  .   (no gloves)
Will    .....                   (no boots)
Stlth   ++........              (no amulet)
HPRegen 0.08/turn               (no ring)
MPRegen 0.10/turn               (no ring)

@: slowed, very slow
A: sickness immunity, AC +3, negative energy resistance 1, electricity
resistance, torment resistance 1, petrification resistance
a: no special abilities


You were on level 2 of the Dungeon.
You visited 1 branch of the dungeon, and saw 2 of its levels.

You collected 78 gold pieces.

Inventory:

Hand Weapons
 k - a +0 whip (weapon)
Armour
 a - a +0 robe (worn)
Scrolls
 c - a scroll of enchant weapon {unknown}
 e - a scroll of magic mapping {unknown}
 f - a scroll of amnesia {unknown}
 g - 2 scrolls of identify {unknown}
Potions
 b - a potion of magic
 d - a potion of flight {unknown}
 h - 3 potions of degeneration {unknown}
 i - a potion of brilliance {unknown}
 j - a potion of lignification {unknown}


   Skills:
 + Level 2.0 Dodging
 + Level 2.3 Stealth
 + Level 2.3 Spellcasting
 + Level 1.4 Conjurations
 + Level 4.2 Fire Magic


You had one spell level left.
You knew the following spells:

 Your Spells              Type           Power      Damage    Failure   Level
a - Foxfire               Conj/Fire      44%        2x1d6     6%          1
b - Scorch                Fire           32%        2d7       4%          2
c - Conjure Flame         Conj/Fire      11%        6-21      19%         3

Your spell library contained the following spells:

 Spells                   Type           Power      Damage    Failure   Level
 Inner Flame              Hex/Fire       9%         N/A       24%         3
 Flame Wave               Conj/Fire      11%        2d6       52%         4


Dungeon Overview and Level Annotations

Branches:
Dungeon (2/15)

Altars:

Shops:
D:1 (

Annotations:
D:2 Natasha


Innate Abilities, Weirdness & Mutations

You are immune to sickness and miasma.
Your stone body is resilient. (AC +3)
You are immune to poison.
You resist negative energy. (rN+)
You are resistant to electric shocks. (rElec)
You are resistant to unholy torment.
You are immune to petrification.


Message History

Casting: Foxfire (safe; 6% risk of failure)
Confirm with . or Enter, or press ? or * to list all spells.
You don't have enough magic to cast this spell.
Your foxfire dissipates! x2
Natasha casts a spell.
The foxfire hits Natasha but does no damage.
Natasha is moderately wounded.
Natasha casts a spell at you.
The magic dart hits you but does no damage.
The crimson imp blinks!
Natasha claws you but does no damage.
You barely miss Natasha.
Natasha is moderately wounded.
Natasha casts a spell.
You hit Natasha but do no damage.
Natasha is moderately wounded.
Natasha barely misses you.
You closely miss Natasha.
Natasha is moderately wounded.
Natasha stares at you and mumbles some strange words.
The magic dart hits you!
The shadow imp shouts, "Away with thee, thou yeasty weeb-spouting scavenger!"
The shadow imp hits you.
* * * LOW HITPOINT WARNING * * *
Natasha casts a spell at you.
You feel yourself slow down.
The crimson imp blinks!
The crimson imp puffs mist at you.
Casting: Foxfire (safe; 6% risk of failure)
Confirm with . or Enter, or press ? or * to list all spells.
You conjure some foxfire!
The shadow imp hits you.
* * * LOW HITPOINT WARNING * * *
The crimson imp sputters.
The shadow imp gestures at you.
You barely resist.
The foxfire hits Natasha.
Natasha is heavily wounded.
The foxfire hits the shadow imp.
The shadow imp is lightly wounded.
Natasha claws you.
You die...

..###.##....####.....####
.####.##.#### #..##.....##
.........# #.....###..
.#####.### ###.#.....#. .#
##.# #..#.#.... .# #..#
#####......# ## #.##
#...$.$###....# #.#
#####....#.#§# #.###
#####.#####..).§@....#.#..§..#
............###5h#.........#
...)......).###.....##.##.....
............§)..###.#...# ##.
.....h........#.# ....$...
................###.#...#.#
.<...........##.....##.##...
.............###.#....... .#.
............... .....#.#. .


You could see Natasha and a shadow imp (summoned).

Vanquished Creatures
  3 adders
  3 dart slugs (D:1)
  A ball python (D:1)
  4 bats
  6 endoplasms
  2 giant cockroaches (D:1)
  A hobgoblin (D:1)
  3 kobolds
  A quokka (D:1)
  A frilled lizard (D:1)
  3 goblins (D:2)
  3 rats
31 creatures vanquished.

Vanquished Creatures (others)
  106 foxfires
106 creatures vanquished.

Grand Total: 137 creatures vanquished

Notes
Turn   | Place    | Note
-------+----------+-------------------------------------------
     0 | D:1      | funkygono the Gargoyle Fire Elementalist began the quest
                  | for the Orb.
     0 | D:1      | Reached XP level 1. HP: 10/10 MP: 3/3
    11 | D:1      | Found a faded altar of an unknown god.
   114 | D:1      | Found Etituzih's Weapon Emporium.
   168 | D:1      | Reached XP level 2. HP: 15/15 MP: 0/5
   745 | D:1      | Reached XP level 3. HP: 13/19 MP: 2/6
   748 | D:1      | Learned a level 2 spell: Scorch
   752 | D:1      | Learned a level 3 spell: Conjure Flame
  1033 | D:2      | Reached skill level 4 in Fire Magic
  1052 | D:2      | Noticed Natasha
  1071 | D:1      | Reached XP level 4. HP: 11/24 MP: 1/7
  1326 | D:2      | Slain by Natasha

Illustrated notes

Levels and vault maps discovered:
D:1:      dpeg_arrival_line_fractal, layout_rooms, basic_ecumenical_altar,
          serial_shops, nicolae_shop_bloodbath_and_beyond
D:2:      layout_rooms, basic_altar, minmay_fractal_squares_5, uniq_natasha

Skill      XL: |  1  2  3 |
---------------+----------+-----
Fire Magic     | 4 |  4.2
Dodging        | 2 |  2.0
Stealth        | |  2.3
Spellcasting   | |  2.3
Conjurations   | |  1.4

Action                   |  1- 3 |  4- 6 || total
-------------------------+-------+-------++-------
Melee: Unarmed           |     1 |       ||     1
       Whip              |    12 |     3 ||    15
 Cast: Foxfire           |    48 |    14 ||    62
Armor: Robe              |     7 |     2 ||     9
Dodge: Dodged            |    11 |     1 ||    12
